Map: Tourmaline LE

Players

Krystianer - Winner!

  • Race: Protoss Protoss
  • League: Grandmaster
  • Spawn Location: 7:00

Fjant

  • Race: Zerg Zerg
  • League: Grandmaster
  • Spawn Location: 1:00

VOD

Have the link to the VOD?

Description

Time

  • Played on: Jan. 31, 2026, 9:25 a.m.
  • Length: 10:23
Show
View Real Time Build Order
Export as new Build Order

Krystianer Protoss - Winner!

Build Orders: Oracle Opening, Archon Immortal 

Get SALT Encoding   

  12  0:00  Probe  
  13  0:12  Probe  
  14  0:20  Pylon  
  14  0:24  Probe  
  15  0:34  Probe  
  15  0:39  Gateway  
  15  0:42  Probe  
  16  0:47  Assimilator  
  17  0:53  Probe  
  18  1:05  Probe  
  19  1:17  Probe  
  20  1:21  Zealot  
  20  1:24  Gateway, Pylon  
  20  1:26  Cybernetics Core  
  20  1:32  Probe  
  23  1:37  Assimilator  
  23  1:44  Probe  
  23  1:46  Zealot  
  26  1:56  Probe  
  27  2:11  Adept  
  27  2:13  Adept  
  31  2:16  Pylon  
  31  2:30  Stargate  
  31  2:46  Nexus  
  31  2:49  Probe  
  32  2:52  Adept  
  32  2:55  Warp Gate  
  34  3:02  Probe  
  34  3:05  Oracle  
  35  3:17  Pylon  
  38  3:22  Probe  
  39  3:35  Probe  
  39  3:36  Oracle  
  40  3:47  Probe  
  44  3:59  Probe  
  44  4:02  Probe  
  42  4:12  Probe  
  42  4:14  Probe  
  44  4:24  Probe  
  45  4:26  Probe  
  46  4:36  Probe  
  46  4:38  Probe, Nexus  
  48  4:40  Pylon  
  48  4:46  Stalker  
  48  4:48  Probe  
  48  4:50  Adept, Probe  
  54  5:00  Assimilator, Probe  
  54  5:02  Assimilator, Probe  
  54  5:04  Twilight Council  
  54  5:05  Forge  
  56  5:10  Probe  
  56  5:12  Probe  
  57  5:15  Robotics Facility  
  57  5:18  Probe  
  58  5:24  Probe  
  60  5:28  Gateway, Probe  
  60  5:29  Gateway  
  61  5:36  Probe  
  61  5:40  Probe  
  63  5:44  Charge  
  63  5:46  Templar Archives, Probe  
  63  5:47  Protoss Ground Weapons Level 1  
  63  5:48  Probe x2  
  64  5:55  Probe  
  64  5:56  Shield Battery, Zealot, Probe  
  68  6:00  Probe  
  68  6:01  Warp Prism  
  71  6:07  Probe  
  71  6:10  Probe  
  75  6:13  Probe  
  75  6:17  Pylon  
  76  6:19  Probe  
  76  6:22  Probe  
  76  6:25  Probe  
  79  6:28  Assimilator  
  79  6:31  Assimilator, Probe  
  80  6:34  Probe  
  80  6:37  Probe  
  80  6:39  Gateway  
  82  6:42  Gateway, High Templar x4  
  82  6:43  Probe  
  92  6:47  Archon x2  
  92  6:49  Probe  
  93  6:54  Immortal  
  93  7:00  Pylon  
  92  7:02  Pylon  
  92  7:11  Gateway  
  92  7:12  Gateway  
  92  7:15  Robotics Facility  
  92  7:17  Gateway  
  92  7:19  High Templar x2  
  92  7:20  Zealot x2  
  94  7:23  Shield Battery  
  94  7:24  Archon, Gateway, Shield Battery  
  94  7:26  Pylon  
  94  7:31  Immortal  
  94  7:36  Zealot  
  90  7:37  Probe  
  90  7:40  Protoss Ground Weapons Level 2, Zealot  
  90  7:41  Zealot  
  95  7:46  Stalker  
  95  7:55  Stalker x2  
  95  7:56  Probe  
  98  8:09  Sentry x2  
  106  8:14  Zealot  
  106  8:17  Immortal, Pylon  
  106  8:19  Sentry  
  110  8:21  Zealot x2  
  110  8:23  Zealot  
  116  8:33  Pylon, Immortal  
  116  8:34  Pylon  
  116  8:40  Sentry  
  117  8:47  Immortal  
  116  8:57  Sentry, Stalker x4  
  116  9:01  Pylon, Zealot x2  
  131  9:08  Stalker  
  133  9:12  Pylon  
  132  9:19  Immortal  
  132  9:20  Stalker x2  
  140  9:25  Pylon  
  140  9:34  Stalker x3  
  140  9:35  Stalker  
  146  9:41  Pylon  
  146  9:56  Zealot x5  
  156  10:02  Zealot x4  
  158  10:11  Zealot  
Show
View Real Time Build Order
Export as new Build Order

Fjant Zerg 

Build Orders: 3 Hatch before Pool 

Get SALT Encoding   

  12  0:00  Drone  
  13  0:07  Drone  
  14  0:14  Extractor  
  14  0:15  Drone  
  15  0:21  Overlord  
  15  0:41  Drone  
  15  0:42  Drone  
  17  0:50  Hatchery  
  17  0:54  Drone  
  17  1:13  Hatchery  
  17  1:16  Drone  
  17  1:22  Drone  
  18  1:32  Spawning Pool  
  17  1:36  Extractor  
  17  1:37  Drone  
  17  1:40  Drone  
  17  1:43  Drone  
  19  1:54  Drone  
  20  2:03  Drone  
  21  2:14  Overlord  
  21  2:18  Queen x2  
  21  2:21  Zergling x2  
  26  2:24  Evolution Chamber  
  26  2:25  Drone x2  
  29  2:37  Metabolic Boost  
  29  2:42  Zergling x4  
  31  2:48  Zergling x2  
  31  2:49  Zergling x2  
  32  2:54  Queen x2  
  36  3:00  Overlord  
  36  3:10  Overlord  
  36  3:19  Overlord  
  36  3:20  Drone  
  36  3:26  Drone x2  
  38  3:29  Drone  
  39  3:34  Drone x2, Hatchery  
  40  3:44  Drone  
  40  3:45  Drone x3  
  44  3:50  Drone  
  44  3:57  Hatchery  
  44  4:00  Drone x2  
  41  4:11  Drone x6  
  46  4:18  Overlord  
  46  4:22  Drone  
  47  4:24  Queen  
  47  4:27  Drone  
  50  4:33  Drone  
  50  4:35  Spore Crawler  
  49  4:41  Overlord  
  49  4:45  Drone  
  49  4:46  Drone x2  
  49  4:48  Overlord  
  49  4:49  Drone x2  
  53  4:53  Overlord  
  53  4:55  Overlord  
  52  5:01  Extractor, Drone  
  52  5:02  Roach Warren  
  50  5:12  Lair  
  50  5:15  Drone, Spore Crawler  
  50  5:16  Spore Crawler  
  50  5:18  Drone, Zergling x4  
  50  5:19  Zergling x4  
  50  5:20  Zergling x2  
  55  5:24  Drone x2  
  55  5:27  Overlord  
  58  5:35  Drone  
  58  5:37  Drone x2  
  58  5:39  Drone x2  
  58  5:40  Overlord  
  62  5:44  Drone x2  
  62  5:47  Drone x2  
  62  5:48  Extractor, Drone  
  64  6:06  Drone x2  
  64  6:07  Roach x7  
  64  6:10  Pneumatized Carapace  
  78  6:14  Roach  
  80  6:24  Roach x3  
  86  6:29  Overlord  
  86  6:31  Roach x2  
  90  6:40  Zergling x14, Overlord  
  90  6:42  Queen  
  95  6:55  Roach x5  
  95  6:56  Zergling x6  
  95  6:57  Zergling x2  
  108  7:04  Zergling x2  
  107  7:11  Roach x5  
  117  7:16  Roach x2  
  117  7:17  Roach  
  108  7:37  Zergling x8  
  108  7:41  Roach x7  
  117  7:45  Zergling x6  
  117  7:50  Zergling x4  
  110  7:54  Queen  
  110  7:56  Zergling x4  
  104  8:00  Zergling x2  
  91  8:06  Roach  
  91  8:09  Glial Reconstitution  
  91  8:10  Roach x5  
  103  8:13  Queen  
  103  8:17  Roach  
  103  8:18  Roach  
  110  8:20  Zergling x2  
  110  8:26  Roach x2  
  113  8:30  Roach x2  
  113  8:33  Extractor  
  112  8:36  Zergling x4  
  113  8:51  Overlord x2  
  113  8:54  Overlord  
  113  9:03  Overlord  
  112  9:11  Roach x5  
  112  9:12  Roach x3  
  112  9:14  Ravager x2  
  129  9:18  Zergling x12  
  135  9:28  Roach x3  
  140  9:42  Roach x3  
  140  9:43  Overlord x2  
  140  9:44  Overlord  
  146  9:47  Overlord  
Tags
 
Add a new tag
Caveats
  • Supply blocks, unpowered buildings, or Contaminate may cause inaccurate times.
  • Supply counts are checked every 10 seconds.